 Dungeon Crawl Stone Soup version 0.21-a0-150-gc243083 (webtiles) character file.

76 KarmaPolice the Slasher (level 4, -1/34 HPs)
             Began as a Vampire Gladiator on July 29, 2017.
             Slain by a phantom (6 damage)
             ... on level 3 of the Dungeon.
             The game lasted 00:04:54 (1850 turns).

KarmaPolice the Slasher (Vampire Gladiator)         Turns: 1850, Time: 00:04:55

Health: -1/34      AC:  5    Str: 14    XL:     4   Next: 12%
Magic:  4/4        EV: 13    Int: 10    God:
Gold:   39         SH:  0    Dex: 15    Spells: 3/3 levels left

rFire    . . .     SeeInvis +   a - +0 long sword
rCold    + . .     Gourm    .   (no shield)
rNeg     + + .     Faith    .   b - +0 leather armour
rPois    +         Spirit   .   c - +0 helmet
rElec    .         Reflect  .   (no cloak)
rCorr    .         Harm     .   l - +0 pair of gloves
MR       .....                  (no boots)
Stlth    ++........             (no amulet)
HPRegen  0.05/turn              (no ring)
MPRegen  0.09/turn              (no ring)

@: regenerating slowly
A: fangs 3, see invisible, unbreathing
a: Bat Form


You were on level 3 of the Dungeon.
You were very thirsty.

You visited 1 branch of the dungeon, and saw 3 of its levels.

You collected 39 gold pieces.

Inventory:

Hand Weapons
 a - a +0 long sword (weapon)
Missiles
 d - 3 throwing nets (quivered)
Armour
 b - a +0 leather armour (worn)
 c - a +0 helmet (worn)
 l - a +0 pair of gloves (worn)
Scrolls
 f - a scroll of magic mapping {unknown}
 g - a scroll of blinking {unknown}
 h - a scroll of identify {unknown}
 i - a scroll of amnesia {unknown}
 k - a scroll of fear {unknown}
 n - a scroll of fog {unknown}
Potions
 e - 10 potions of blood
 j - a potion of mutation {unknown}
 m - a potion of curing {unknown}
 o - 2 potions of magic {unknown}
 p - 2 potions of berserk rage {unknown}


   Skills:
 + Level 2.6 Fighting
 + Level 4.0 Long Blades
 - Level 1.5 Throwing
 + Level 1.2 Armour
 - Level 3.2 Dodging


You had 3 spell levels left.
You didn't know any spells.

Dungeon Overview and Level Annotations

Branches:
Dungeon (3/15)

Altars:
Wu Jian


Innate Abilities, Weirdness & Mutations

You heal slowly.
You have razor-sharp teeth.
You have supernaturally acute eyesight. (SInv)
You can survive without breathing.


Message History

* * * LOW HITPOINT WARNING * * *
The phantom closely misses you.
You hit the phantom.
The phantom is heavily damaged.
The phantom hits you but does no damage.
You hit the phantom.
The phantom is heavily damaged.
The phantom hits you.
* * * LOW HITPOINT WARNING * * *
The phantom blinks!
You barely miss the phantom.
The phantom is heavily damaged.
The phantom misses you.
You hit the phantom.
The phantom is heavily damaged.
The phantom closely misses you.
You closely miss the phantom.
The phantom is heavily damaged.
The phantom misses you. The phantom hits you.
You die...

#.# .
..#####.####....
#......#........
#######.###..#..
#.......# #..###.##
#......# #W######
#@†..## ###...## .
##..#..##..
#..###....
#...#..###.
#.#...####.
#.#<.......
..#######.#..#####(
.......<......#


You could see a phantom.

Vanquished Creatures
  2 oozes (D:1)
  2 worms (D:2)
  2 dart slugs
  2 leopard geckos (D:1)
  7 bats
  3 giant cockroaches
  7 goblins
  7 hobgoblins
  3 jackals (D:2)
  A quokka (D:3)
  3 ball pythons
  3 frilled lizards
  5 kobolds
  5 rats (D:1)
52 creatures vanquished.

Notes
Turn   | Place    | Note
-------+----------+-------------------------------------------
     0 | D:1      | KarmaPolice the Vampire Gladiator began the quest for the Orb.
     0 | D:1      | Reached XP level 1. HP: 16/16 MP: 1/1
   112 | D:1      | Reached XP level 2. HP: 18/22 MP: 2/2
   420 | D:1      | Reached XP level 3. HP: 27/28 MP: 3/3
   926 | D:2      | Reached skill level 1 in Armour
  1281 | D:2      | Found an ornate altar of the Wu Jian Council.
  1427 | D:2      | Reached XP level 4. HP: 31/34 MP: 4/4
  1475 | D:2      | Reached skill level 4 in Long Blades
  1495 | D:3      | Noticed a phantom
  1850 | D:3      | Slain by a phantom

Vault maps used:
D:1:      onia_arrival_handbag
D:2:      lemuel_coloured_pillars_altar, first_bread
D:3:      uniq_natasha

Skill      XL: |  1  2  3  4 |
---------------+-------------+-----
Fighting       | 2 |  2.6
Armour         | 1 |  1.2
Long Blades    | 4 |  4.0
Throwing       | |  1.5
Dodging        | |  3.2

Action                   |  1- 3 |  4- 6 || total
-------------------------+-------+-------++-------
Melee: Long sword        |   106 |    38 ||   144
       Bite              |    14 |     3 ||    17
 Stab: Sleeping          |     2 |       ||     2
  Eat: Corpse            |     1 |       ||     1
Armor: Leather armour    |    26 |    15 ||    41
Dodge: Dodged            |    66 |    26 ||    92
       Rpst.: Long sword |    14 |    10 ||    24
